 Dungeon Crawl Stone Soup version 0.30.1-4-g462c640d31 (webtiles) character file.

Game seed: 3113236192653304049

1176 Kurtz the Chopper (level 8, -13/48 HPs)
             Began as a Tengu Fighter on Sept 16, 2023.
             Was a Believer of Okawaru.
             Mangled by an orc warrior
             ... wielding a +0 battleaxe
              (16 damage)
             ... on level 5 of the Dungeon.
             The game lasted 00:06:45 (4224 turns).

Kurtz the Chopper (Tengu Fighter)                   Turns: 4224, Time: 00:06:46

Health: -13/48     AC: 11    Str: 24    XL:     8   Next: 41%
Magic:  9/9        EV: 11    Int:  9    God:    Okawaru [**....]
Gold:   256        SH:  5    Dex: 14    Spells: 7/7 levels left

rFire   . . .        a - +0 war axe
rCold   . . .        c - +0 buckler
rNeg    . . .        t - +0 chain mail
rPois   .            (helmet restricted)
rElec   .            (no cloak)
rCorr   .            y - +0 pair of gloves
SInv    .            (boots unavailable)
Will    .....        (no amulet) Stlth
                     D - +6 ring of strength
HPRegen 0.28/turn    (no ring)
MPRegen 0.11/turn

%: no passive effects
@: flying quickly and evasively, quick
A: beak, talons 3, nimble flight
a: Renounce Religion, Heroism


You were on level 5 of the Dungeon.
You worshipped Okawaru.
Okawaru was pleased with you.
You visited 2 branches of the dungeon, and saw 7 of its levels.

You collected 256 gold pieces.

Inventory:

Hand Weapons
 a - a +0 war axe (weapon)
Missiles
 s - 2 boomerangs of dispersal (quivered)
 F - 3 poisoned darts
Armour
 c - a +0 buckler (worn)
 t - a +0 chain mail (worn)
 y - a +0 pair of gloves (worn)
Jewellery
 D - a +6 ring of strength (left hand)
Wands
 z - a wand of mindburst (15)
 C - a wand of charming (8)
Scrolls
 f - 4 scrolls of enchant weapon {unknown}
 g - 3 scrolls of identify {unknown}
 h - 3 scrolls of teleportation {unknown}
 i - 2 scrolls of fear {unknown}
 l - a scroll of fog {unknown}
 o - 3 scrolls of amnesia {unknown}
 p - a scroll of brand weapon {unknown}
 q - a scroll of blinking {unknown}
 u - a scroll of vulnerability {unknown}
 v - 2 scrolls of butterflies {unknown}
 w - a scroll of silence {unknown}
 x - a scroll of noise {unknown}
 A - 3 scrolls of acquirement {unknown}
Potions
 d - 3 potions of might
 e - a potion of lignification {unknown}
 j - a potion of flight {unknown}
 k - 2 potions of haste
 m - a potion of attraction {unknown}
 n - 2 potions of ambrosia {unknown}
 r - a potion of degeneration {unknown}
 B - 2 potions of curing
 E - a potion of magic {unknown}


   Skills:
 * Level 4.6 Fighting
 * Level 7.9 Axes
 * Level 5.6 Armour
 * Level 2.9 Dodging
 * Level 1.8 Stealth
 * Level 3.4 Shields


You had 7 spell levels left.
You didn't know any spells.
Your spell library contained the following spells:

 Spells                   Type           Power      Damage    Failure   Level
 Cigotuvi's Dreadful Rot  Necr/Pois/Air  0%         N/A       98%         2
 Ensorcelled Hibernation  Hex/Ice        0%         N/A       98%         2
 Lesser Beckoning         Tloc           0%         N/A       98%         2
 Passwall                 Tmut/Erth      0%         N/A       98%         2
 Scorch                   Fire           0%         2d5       98%         2
 Gell's Gravitas          Tloc           0%         N/A       100%        3
 Ignite Poison            Fire/Tmut/Pois 0%         N/A       100%        3
 Swiftness                Air            0%         N/A       100%        3
 Teleport Other           Tloc           0%         N/A       100%        3
 Flame Wave               Conj/Fire      0%         2d4       100%        4
 Freezing Cloud           Conj/Ice/Air   0%         6-21      100%        5
 Orb of Destruction       Conj           0%         9d5       100%        7
 Chain Lightning          Conj/Air       0%         N/A       100%        9
 Fire Storm               Conj/Fire      0%         5d1       100%        9
 Shatter                  Erth           0%         3d5*      100%        9
 Summon Guardian Golem    Hex/Summ       Unusable   N/A       N/A         3
 Summon Cactus Giant      Summ           Unusable   N/A       N/A         6
 Spellforged Servitor     Conj/Summ      Unusable   N/A       N/A         7

Dungeon Overview and Level Annotations

Branches:
Dungeon (6/15)             Temple (1/1) D:4

Altars:
Ashenzari
Cheibriados
Dithmenos
Elyvilon
Hepliaklqana
Kikubaaqudgha
Makhleb
Nemelex Xobeh
Okawaru
Qazlal
Ru
Sif Muna
Uskayaw
Vehumet
Wu Jian
Xom
Yredelemnul
Zin
The Shining One


Innate Abilities, Weirdness & Mutations

You have a beak for a mouth.
You have claws for feet.
Your magical nature lets you fly swiftly and evasively.


Message History

The orc wizard barely misses you.
You barely miss the orc. You claw the orc. You peck the orc.
The orc is severely wounded.
You hit the orc warrior but do no damage.
You hit the orc wizard. The orc barely misses you.
The orc warrior hits you with a +0 battleaxe.
The orc wizard hits you but does no damage.
The orc wizard hits you but does no damage.
There are monsters nearby!
You slash the orc!
You kill the orc!
Okawaru accepts your kill.
You barely miss the orc warrior. You barely miss the orc warrior.
Your kick misses the orc warrior. Your peck misses the orc warrior.
The orc warrior is moderately wounded.
You hit the orc wizard. The orc warrior barely misses you.
The orc wizard hits you with a +0 dagger.
You're too confused to move!
The orc warrior hits you with a +0 battleaxe!
The orc wizard casts a spell at you. You resist with some effort.
You feel less confused. The orc warrior barely misses you.
The orc wizard points at you and mumbles some strange words.
The magic dart hits you.
You hit the orc warrior but do no damage.
You peck the orc warrior, but do no damage.
The orc warrior is moderately wounded.
The orc warrior hits you with a +0 battleaxe!
The orc wizard casts a spell at you. The magic dart hits you.
* * * LOW HITPOINT WARNING * * *
You slash the orc warrior! You claw the orc warrior.
You peck the orc warrior, but do no damage.
The orc warrior is severely wounded.
The orc warrior hits you with a +0 battleaxe!
* * * LOW HITPOINT WARNING * * *
The orc warrior hits you with a +0 battleaxe!
You die...

...#......)..........# #...
...#.................##########..
...#.................#.......##..
'###.........####'####.......'...
.............#.......#.......####
.............#.......'.......##..
............(#>.....##.......##..
.............#)o....######'####..
.............#.o@....#........'..
.............#.......#.......##'#
#'##.........#.......#.......#...
...#.........#......#####'####...
...#........g########............
...#.............................
...#.............................
...#.............................
...+........................)....


You could see an orc warrior and an orc wizard.

Vanquished Creatures
  A water moccasin (D:5)
  A black bear (D:4)
  An ice beast (D:5)
  An ogre (D:5)
  2 scorpions
  3 hounds
  A jelly (D:4)
  An orc priest (D:3)
  A gnoll bouda (D:5)
  An iguana (D:4)
  Jessica (D:2)
  2 sleepcaps (D:5)
  Natasha (thrice) (D:4)
  Ijyb (D:4)
  2 orc wizards (D:3)
  8 gnolls
  8 adders
  6 dart slugs
  11 orcs
  6 endoplasms
  6 giant cockroaches
  2 goblins
  4 hobgoblins
  3 jackals (D:2)
  9 kobolds
  5 quokkas
  5 ball pythons
  8 bats
  7 frilled lizards
  4 rats
114 creatures vanquished.

Notes
Turn   | Place    | Note
-------+----------+-------------------------------------------
     0 | D:1      | Kurtz the Tengu Fighter began the quest for the Orb.
     0 | D:1      | Reached XP level 1. HP: 14/14 MP: 2/2
    86 | D:1      | Reached XP level 2. HP: 19/19 MP: 3/3
   100 | D:1      | Reached skill level 3 in Axes
   323 | D:1      | Reached XP level 3. HP: 23/23 MP: 4/4
   526 | D:1      | Found a faded altar of an unknown god.
   625 | D:2      | Noticed Jessica
   629 | D:2      | Killed Jessica
   643 | D:2      | Reached XP level 4. HP: 26/28 MP: 5/5
   876 | D:2      | Reached skill level 4 in Axes
   944 | D:3      | Reached skill level 1 in Dodging
  1068 | D:3      | Gained mutation: Your magical nature lets you fly swiftly
                  | and evasively. [Tengu growth]
  1068 | D:3      | Reached XP level 5. HP: 28/32 MP: 6/6
  1151 | D:3      | Found a basalt altar of Yredelemnul.
  1865 | D:2      | Reached skill level 5 in Axes
  1952 | D:2      | Reached XP level 6. HP: 29/38 MP: 7/7
  2331 | D:4      | Noticed Natasha
  2334 | D:4      | Killed Natasha
  2431 | D:4      | Noticed Ijyb
  2444 | D:4      | Killed Ijyb
  2459 | D:4      | Found a staircase to the Ecumenical Temple.
  2468 | Temple   | Entered the Ecumenical Temple
  2477 | Temple   | Became a worshipper of Warmaster Okawaru
  2700 | D:4      | Found a stormy altar of Qazlal.
  2713 | D:4      | Found a shadowy altar of Dithmenos.
  2778 | D:4      | Noticed a black bear
  2782 | D:4      | Killed a black bear
  2783 | D:4      | Reached skill level 6 in Axes
  2783 | D:4      | Reached XP level 7. HP: 38/43 MP: 8/8
  2957 | D:4      | Noticed Natasha
  2960 | D:4      | Killed Natasha
  3002 | D:4      | Noticed Natasha
  3006 | D:4      | Killed Natasha
  3006 | D:4      | Reached * piety under Okawaru
  3007 | D:4      | Reached skill level 5 in Armour
  3263 | D:5      | Entered Level 5 of the Dungeon
  3315 | D:5      | Reached skill level 7 in Axes
  3471 | D:5      | Reached skill level 1 in Stealth
  3472 | D:5      | Reached XP level 8. HP: 20/48 MP: 7/9
  3617 | D:5      | Reached ** piety under Okawaru
  3839 | D:5      | Found a white marble altar of Elyvilon.
  4224 | D:5      | Mangled by an orc warrior

Illustrated notes

Levels and vault maps discovered:
D:1:      dpeg_arrival_shrine, layout_basic,
          shapermc_ecumenical_altar_mp_ritualfount,
          corexii_item_surrounded_by_moat, fountainhead
D:2:      layout_loops_ring, uniq_jessica
D:3:      layout_loops_ring, mainiacjoe_overflow_24_doors
D:4:      layout_loops_ring, minitemple, lemuel_temple_firewalk_b, uniq_natasha,
          uniq_ijyb
D:5:      layout_gridville, elyvilon_altar_4
D:6:      layout_loops_ring, uniq_prince_ribbit1, uniq_duvessa, uniq_maggie,
          uniq_sigmund
Temple:   hellmonk_temple_two_chambers

Skill      XL: |  1  2  3  4  5  6  7 |
---------------+----------------------+-----
Axes           | 3 4 5 6 7 |  7.9
Armour         | 4 5 |  5.6
Dodging        | 1 2 |  2.9
Fighting       | 4 |  4.6
Stealth        | 1 |  1.8
Shields        | |  3.4

Action                     |  1- 3 |  4- 6 |  7- 9 || total
---------------------------+-------+-------+-------++-------
  Melee: War axe           |    39 |   149 |    94 ||   282
         Kick              |     6 |    33 |    39 ||    78
         Peck              |     3 |    20 |    20 ||    43
  Throw: Boomerang         |       |       |     1 ||     1
 Invoke: Heroism           |       |       |     2 ||     2
    Use: Potion            |       |     1 |     2 ||     3
 Armour: Scale mail        |    24 |    21 |       ||    45
         Chain mail        |       |    46 |    65 ||   111
  Dodge: Dodged            |    26 |    57 |    77 ||   160
  Block: Buckler           |     9 |    36 |    19 ||    64
